 Dungeon Crawl Stone Soup version 0.29-a0-270-g1586fc07ea (webtiles) character file.

Game seed: 16224858617635319334

37 drugrobin the Chopper (level 3, 0/30 HPs)
             Began as a Demigod Fighter on Mar 7, 2022.
             Killed from afar by Natasha (3 damage)
             ... with a magic dart
             ... on level 2 of the Dungeon.
             The game lasted 00:02:59 (1958 turns).

drugrobin the Chopper (Demigod Fighter)             Turns: 1958, Time: 00:03:00

Health: 0/30       AC:  6    Str: 21    XL:     3   Next: 8%
Magic:  5/5        EV:  9    Int: 10    God:
Gold:   55         SH:  4    Dex: 13    Spells: 2/2 levels left

rFire   . . .      SeeInvis .   c - +2 dagger (venom)
rCold   . . .      Faith    .   j - +0 buckler
rNeg    . . .      Spirit   .   h - +0 scale mail
rPois   .          Reflect  .   (no helmet)
rElec   .          Harm     .   (no cloak)
rCorr   .          Rampage  .   (no gloves)
Will    .....                   (no boots)
Stlth   ..........              (no amulet)
HPRegen 0.10/turn               (no ring)
MPRegen 0.09/turn               (no ring)

@: slowed, very slow
A: high MP 1, forlorn, divine attributes
a: no special abilities


You were on level 2 of the Dungeon.
You visited 1 branch of the dungeon, and saw 2 of its levels.

You collected 55 gold pieces.

Inventory:

Hand Weapons
 a - a +0 war axe
 b - a +0 hunting sling
 c - a +2 dagger of venom (weapon)
Missiles
 k - 36 stones (quivered)
Armour
 h - a +0 scale mail (worn)
 j - a +0 buckler (worn)
Scrolls
 f - a scroll of magic mapping {unknown}
 g - 2 scrolls of identify {unknown}
Potions
 d - a potion of might
 l - a potion of degeneration {unknown}


   Skills:
 - Level 2.6 Fighting
 + Level 3.4 Axes
 - Level 2.6 Armour
 - Level 2.6 Shields


You had 2 spell levels left.
You didn't know any spells.
Your spell library was empty.

Dungeon Overview and Level Annotations

Branches:
Dungeon (2/15)

Annotations:
D:2 Natasha


Innate Abilities, Weirdness & Mutations

You have an increased reservoir of magic. (+10% MP)
You shall have no god before yourself.
Your divine heritage dramatically boosts your attributes as you level up.


Message History

Found 14 gold pieces.
Natasha hisses angrily.
Unknown command.
Natasha casts a spell at you. The magic dart hits you!
You hit Natasha but do no damage.
Natasha stares at you and mumbles some strange words.
The magic dart hits you.
You barely miss Natasha. Natasha claws you.
You barely miss Natasha. Natasha claws you.
* * * LOW HITPOINT WARNING * * *
You miss Natasha. Natasha claws you!
* * * LOW HITPOINT WARNING * * *
Unknown command.
You feel better. You block Natasha's attack.
You hit Natasha.
Natasha is lightly wounded.
Natasha claws you.
* * * LOW HITPOINT WARNING * * *
You closely miss Natasha.
Natasha is lightly wounded.
Natasha stares at you and mumbles some strange words.
You feel yourself slow down.
Unknown command.
Press: ? - help, v - describe, . - travel
Here: Natasha (lightly wounded)
The floor.
Unknown command.
You hit Natasha.
Natasha is poisoned.
Natasha is moderately wounded.
Natasha barely misses you.
Natasha stares at you and mumbles some strange words.
The magic dart hits you.
* * * LOW HITPOINT WARNING * * *
Unknown command.
Unknown command.
It was a potion of magic.
Magic courses through your body. Natasha casts a spell at you.
The magic dart hits you.
You die...

#..#.# ..
...##
#..#.#
....
#..#.#
.....
#....#
....
##.###
.... #.#
#.#
#.########
#.@h..$...
##########


You could see Natasha (very poisoned).

Vanquished Creatures
  A dart slug (D:1)
  3 endoplasms
  3 giant cockroaches (D:1)
  A quokka (D:1)
  3 ball pythons
  4 bats (D:1)
  6 frilled lizards
  6 goblins
  2 kobolds (D:1)
  5 rats
34 creatures vanquished.

Vanquished Creatures (others)
  5 toadstools (D:1)
5 creatures vanquished.

Grand Total: 39 creatures vanquished

Notes
Turn   | Place    | Note
-------+----------+-------------------------------------------
     0 | D:1      | drugrobin the Demigod Fighter began the quest for the Orb.
     0 | D:1      | Reached XP level 1. HP: 18/18 MP: 3/3
    83 | D:1      | Reached skill level 2 in Axes
   343 | D:1      | Reached XP level 2. HP: 20/25 MP: 4/4
   976 | D:1      | Reached skill level 3 in Axes
  1450 | D:2      | Noticed Sigmund
  1866 | D:2      | Reached XP level 3. HP: 30/30 MP: 5/5
  1948 | D:2      | Noticed Natasha
  1958 | D:2      | Killed from afar by Natasha

Illustrated notes

Levels and vault maps discovered:
D:1:      ldierk_walled_garden, layout_loops_corners
D:2:      layout_loops_ring, shapermc_ecumenical_altar_mp_highgroup, uniq_robin,
          uniq_natasha, uniq_sigmund

Skill      XL: |  1  2 |
---------------+-------+-----
Axes           | 2 3 |  3.4
Fighting       | |  2.6
Armour         | |  2.6
Shields        | |  2.6

Action                   || total
-------------------------++-------
Melee: War axe           ||    46
       Dagger            ||    53
 Fire: Hunting sling     ||     5
  Use: Potion            ||     3
Armor: Scale mail        ||    51
Dodge: Dodged            ||    36
Block: Buckler           ||    18

Table legend: (Time is in decaauts)
 A = Elapsed time spent in this place.
 B = Non-inter-level travel time spent in this place.
 C = Inter-level travel time spent in this place.
 D = Time resting spent in this place.
 E = Time spent auto-exploring this place.
 F = Levels seen in this place.
 G = Mean time per level.
                   A        B        C        D        E       F      G
               +--------+--------+--------+--------+--------+-----+--------+
         Total |   1985 |   1953 |     32 |    733 |    876 |   2 |  992.5 |
       Dungeon |   1985 |   1953 |     32 |    733 |    876 |   2 |  992.5 |
               +--------+--------+--------+--------+--------+-----+--------+

Top non-repeatable levels by time:
     D:1: 1802 daAuts
     D:2: 183 daAuts
